 Dungeon Crawl Stone Soup version 0.21.0-24-g2553a3340b (webtiles) character file.

162 Krosko the Digger (level 5, -2/28 HPs)
             Began as a Gargoyle Earth Elementalist on Jan 21, 2018.
             Killed from afar by a white imp (6 damage)
             ... with a puff of frost
             ... summoned by Berahthraban's ghost
             ... on level 3 of the Dungeon.
             The game lasted 00:10:55 (2111 turns).

Krosko the Digger (Gargoyle Earth Elementalist)     Turns: 2111, Time: 00:10:56

Health: -2/28      AC:  6    Str: 12    XL:     5   Next: 43%
Magic:  6/10       EV: 12    Int: 16    God:
Gold:   45         SH:  0    Dex: 10    Spells: 8/11 levels left

rFire    + . .     SeeInvis .   h - +0 dagger
rCold    x . .     Gourm    .   (no shield)
rNeg     + . .     Faith    .   c - +0 robe
rPois    ∞         Spirit   .   (no helmet)
rElec    +         Reflect  .   (no cloak)
rCorr    .         Harm     .   (no gloves)
MR       .....                  (no boots)
Stlth    ++........             (no amulet)
HPRegen  0.09/turn              (no ring)
MPRegen  0.12/turn              i - ring of fire

@: no status effects
A: negative energy resistance 1, electricity resistance, unbreathing,
petrification resistance, rot immunity, AC +4
a: no special abilities


You were on level 3 of the Dungeon.
You were not hungry.

You visited 1 branch of the dungeon, and saw 3 of its levels.

You collected 45 gold pieces.

Inventory:

Hand Weapons
 h - a +0 dagger (weapon)
Missiles
 b - 68 stones (quivered)
Armour
 c - a +0 robe (worn)
Jewellery
 i - a ring of fire (right hand)
Wands
 k - a wand of iceblast (4)
Scrolls
 a - 3 scrolls of teleportation {unknown}
 f - a scroll of identify {unknown}
 j - 2 scrolls of remove curse {unknown}
 o - a scroll of immolation {unknown}
 q - a scroll of enchant weapon {unknown}
Potions
 g - a potion of degeneration {unknown}
 l - a potion of might {unknown}
 m - a potion of ambrosia {unknown}
 n - a potion of invisibility {unknown}
 p - a potion of berserk rage {unknown}
Books
 e - a book of Geomancy

   Spells                             Type                      Level
   a - Sandblast                      Earth                        1
   b - Passwall                       Transmutation/Earth          2
   c - Stone Arrow                    Conjuration/Earth            3
   d - Petrify                        Transmutation/Earth          4
   e - Lee's Rapid Deconstruction     Earth                        5
Comestibles
 d - 4 rations


   Skills:
 - Level 1.5 Dodging
 - Level 2.1 Stealth
 + Level 3.8 Spellcasting
 - Level 0.7 Transmutations
 + Level 5.6 Earth Magic


You had 8 spell levels left.
You knew the following spells:

 Your Spells              Type           Power        Failure   Level  Hunger
a - Sandblast             Erth           ###...       1%          1    None
b - Passwall              Tmut/Erth      ##........   7%          2    ##.....


Dungeon Overview and Level Annotations

Branches:
Dungeon (3/15)

Altars:
Kikubaaqudgha

Annotations:
D:3 Berahthraban's ghost, amateur GrWz


Innate Abilities, Weirdness & Mutations

You are resistant to torment.
Your stone body is resilient. (AC +4)
You are immune to poison.
You resist negative energy. (rN+)
You are resistant to electric shocks. (rElec)
You can survive without breathing.
You are immune to petrification.
You are immune to rotting.


Message History

Press: ? - help, Shift-Dir - straight line, f/p - Berahthraban's ghost
Aim: Berahthraban's ghost (lightly damaged)
The blast of sand misses Berahthraban's ghost.
b - 69 stones Berahthraban's ghost hits you!
The white imp misses you.
Casting: Sandblast
Confirm with . or Enter, or press ? or * to list all spells.
Aiming: Sandblast
Press: ? - help, Shift-Dir - straight line, f/p - Berahthraban's ghost
Aim: Berahthraban's ghost (lightly damaged)
The blast of sand hits Berahthraban's ghost.
Berahthraban's ghost is moderately damaged.
b - 68 stones Berahthraban's ghost hits you.
The white imp closely misses you.
Berahthraban's ghost casts a spell at you.
The magic dart hits you!
* * * LOW HITPOINT WARNING * * *
The white imp gestures at you. The puff of frost hits you!
You feel a terrible chill!
You die...

#.. #### #.. ...#
#.. ...# #
#..###...##..
............
#.#.....#
#.##.#†)...##.#
#.....W<......#
.....##@5....##.#
### #......#
#.#.#### #.#.#
#.#.# #.#.# #.#.#
#.#


You could see Berahthraban's ghost and a white imp.

Vanquished Creatures
  3 orc priests
  3 adders
  An ooze (D:1)
  2 worms (D:2)
  A dart slug (D:1)
  An orc (D:2)
  3 bat zombies (D:2)
  2 giant cockroaches (D:1)
  6 goblins
  A hobgoblin (D:2)
  4 bats (D:1)
  3 frilled lizards (D:2)
  4 kobolds
  4 rats
  2 rat zombies (D:2)
40 creatures vanquished.

Notes
Turn   | Place    | Note
-------+----------+-------------------------------------------
     0 | D:1      | Krosko the Gargoyle Earth Elementalist began the quest for the Orb.
     0 | D:1      | Reached XP level 1. HP: 10/10 MP: 3/3
   294 | D:1      | Reached skill level 4 in Earth Magic
   294 | D:1      | Reached XP level 2. HP: 11/15 MP: 1/5
   334 | D:1      | Learned a level 2 spell: Passwall
  1042 | D:2      | Reached XP level 3. HP: 19/19 MP: 4/7
  1429 | D:2      | Found an ancient bone altar of Kikubaaqudgha.
  1579 | D:2      | Reached XP level 4. HP: 24/24 MP: 4/8
  1749 | D:3      | Noticed Berahthraban's ghost (amateur GrWz)
  2018 | D:2      | Reached skill level 5 in Earth Magic
  2022 | D:2      | Reached XP level 5. HP: 26/28 MP: 4/10
  2111 | D:3      | Killed from afar by a white imp

Skill      XL: |  1  2  3  4 |
---------------+-------------+-----
Earth Magic    | 4 5 |  5.6
Spellcasting   | 3 |  3.8
Dodging        | |  1.5
Stealth        | |  2.1
Transmutations | |  0.7

Action                   |  1- 3 |  4- 6 || total
-------------------------+-------+-------++-------
Melee: Unarmed           |    12 |       ||    12
       Dagger            |    15 |     4 ||    19
 Cast: Sandblast         |    42 |    15 ||    57
       Passwall          |     3 |       ||     3
  Eat: Chunk             |     1 |       ||     1
       Ration            |       |     1 ||     1
Armor: Robe              |    21 |     7 ||    28
Dodge: Dodged            |    30 |    10 ||    40
